 Dungeon Crawl Stone Soup version 0.24-a0-462-ge24419a6ad (webtiles) character file.

Game seed: 13960010156309394694

393 Gargoyl the Skirmisher (level 6, 0/52 HPs)
             Began as a Centaur Abyssal Knight on July 1, 2019.
             Was a Believer of Lugonu.
             Slain by a quasit (1 damage)
             ... on level 4 of the Dungeon.
             The game lasted 00:06:16 (4346 turns).

Gargoyl the Skirmisher (Centaur Abyssal Knight)     Turns: 4346, Time: 00:06:17

Health: 0/52       AC:  9    Str: 13 (15) XL:     6   Next: 51%
Magic:  8/8        EV:  1    Int:  9 (11) God:    Lugonu [**....]
Gold:   212        SH:  0    Dex: -27 (10)Spells: 5/5 levels left

rFire    . . .     SeeInvis .   j - +3 glaive (chop)
rCold    . . .     Gourm    .   (shield currently unavailable)
rNeg     . . .     Faith    .   d - +0 plate armour
rPois    .         Spirit   .   (no helmet)
rElec    .         Reflect  .   (no cloak)
rCorr    .         Harm     .   (no gloves)
MR       .....                  (no barding)
Stlth    ..........             (no amulet)
HPRegen  0.17/turn              (no ring)
MPRegen  0.11/turn              (no ring)

@: slowed, lost dexterity
A: large, hooves 3, deformed body, speed 2, tough skin 3
a: Depart the Abyss, Bend Space, Renounce Religion


You were on level 4 of the Dungeon.
You worshipped Lugonu.
Lugonu was pleased with you.
You were very hungry.

You visited 1 branch of the dungeon, and saw 5 of its levels.
You visited the Abyss 1 time.

You collected 212 gold pieces.

Inventory:

Hand Weapons
 a - a +1 hand axe
 j - a +3 glaive of chopping (weapon)
Missiles
 p - 7 boomerangs (quivered)
Armour
 d - a +0 plate armour (worn)
Wands
 e - a wand of flame (8)
Scrolls
 f - a scroll of remove curse
 g - a scroll of enchant weapon
 m - 3 scrolls of identify
Potions
 i - a potion of resistance
 n - a potion of degeneration
Comestibles
 c - 11 rations


   Skills:
 + Level 3.9 Fighting
 + Level 2.7(3.0) Axes
 + Level 1.7(2.5) Polearms
 * Level 2.9 Armour
 * Level 2.2 Dodging
 * Level 3.2 Invocations


You had 5 spell levels left.
You didn't know any spells.
Your spell library was empty.

Dungeon Overview and Level Annotations

Branches:
Dungeon (5/15)
 Temple: D:4-7

Altars:
Ashenzari
Cheibriados
Gozag
Hepliaklqana
Kikubaaqudgha
Nemelex Xobeh
Ru
Vehumet
Xom
Yredelemnul
Zin
The Shining One

Annotations:
D:4 Shaidar's ghost, novice MiBe
D:5 Menkaure


Innate Abilities, Weirdness & Mutations

You have hooves in place of feet.
Armour fits poorly on your strangely shaped body.
You cover ground very quickly.
You have extremely tough skin. (AC +3)


Message History

The quasit claws you but does no damage. x2
You miss the quasit.
The quasit is lightly wounded.
The quasit bites you but does no damage.
The quasit claws you but does no damage. x2
The quasit bites you but does no damage.
The quasit claws you but does no damage. x2
The quasit bites you.
* * * LOW HITPOINT WARNING * * *
The quasit claws you but does no damage. x2
The quasit bites you but does no damage.
The quasit claws you but does no damage. x2
You closely miss the quasit.
The quasit is lightly wounded.
The quasit bites you but does no damage.
The quasit claws you but does no damage.
The quasit barely misses you.
The quasit bites you but does no damage.
The quasit claws you.
You die...

#####.###≈≈..≈≈##..# ###.#
#...##≈≈≈≈######### #...#
###########.......# #.###
#.# #.#####.# #.#
#.#####.#####.###.#
#.......##........#
#########.#......#.##.#####
..##.............5....#
.....####©###..#@#.####
.#####..###5##.....#
.#....#.W.W..##..###
##...#...#....#..#
#.....?#..##..#..#
#..##..©..#...#..#
#.....#.....#.##.#
##.##..=###....#.# .
.....)$.5#$.##.#


You could see a quasit.

Vanquished Creatures
  A big kobold (D:3)
  A bullfrog (D:4)
  A scorpion (D:4)
  A howler monkey (D:4)
  An iguana (D:5)
  8 adders
  An ooze (D:2)
  A dart slug (D:1)
  2 leopard geckos
  3 orcs
  5 bats
  5 giant cockroaches
  7 goblins
  9 hobgoblins
  8 kobolds
  A quokka (D:4)
  6 frilled lizards
  5 rats
66 creatures vanquished.

Notes
Turn   | Place    | Note
-------+----------+-------------------------------------------
     0 | Abyss:1  | Gargoyl the Centaur Abyssal Knight began the quest for the
                  | Orb.
     0 | Abyss:1  | Reached XP level 1. HP: 19/19 MP: 2/2
     0 | Abyss:1  | Found a corrupted altar of Lugonu.
    32 | Abyss:3  | Found a corrupted altar of Lugonu.
    63 | Abyss:4  | Noticed a small abomination
    66 | Abyss:4  | Noticed a thrashing horror
    70 | Abyss:4  | Noticed a thrashing horror
    71 | D:1      | Escaped the Abyss
   239 | D:1      | Reached XP level 2. HP: 11/26 MP: 3/3
   612 | D:1      | Reached * piety under Lugonu
   612 | D:1      | Reached skill level 1 in Dodging
  1248 | D:1      | Reached XP level 3. HP: 31/31 MP: 4/4
  1299 | D:1      | Found a sparkling altar of Nemelex Xobeh.
  1692 | D:2      | Found a hazy altar of Hepliaklqana.
  1702 | D:2      | Reached XP level 4. HP: 28/38 MP: 5/5
  1826 | D:2      | Found a glowing silver altar of Zin.
  1832 | D:2      | Found a sacrificial altar of Ru.
  2567 | D:2      | Found a snail-covered altar of Cheibriados.
  2567 | D:2      | Found a glowing golden altar of the Shining One.
  2568 | D:2      | Found a radiant altar of Vehumet.
  2569 | D:2      | Found a shimmering altar of Xom.
  2571 | D:2      | Found an ancient bone altar of Kikubaaqudgha.
  2572 | D:2      | Found an opulent altar of Gozag.
  2795 | D:2      | Found a basalt altar of Yredelemnul.
  3092 | D:3      | Noticed a big kobold
  3108 | D:3      | Killed a big kobold
  3108 | D:3      | Reached XP level 5. HP: 30/46 MP: 5/7
  3400 | D:3      | You fall into a shaft and drop 2 floors!
  3400 | D:5      | Entered Level 5 of the Dungeon
  3405 | D:5      | Reached skill level 1 in Polearms
  3463 | D:5      | Noticed Menkaure
  3588 | D:4      | Reached XP level 6. HP: 45/52 MP: 8/8
  3653 | D:3      | Found a shattered altar of Ashenzari.
  3918 | D:4      | Reached ** piety under Lugonu
  4093 | D:4      | Noticed Shaidar's ghost (novice MiBe)
  4107 | D:4      | Found a transporter.
  4241 | D:4      | Found a transporter.
  4276 | D:4      | Lost dexterity.
  4339 | D:4      | HP: 1/52 [quasit (2)]
  4345 | D:4      | HP: 1/52 [quasit (1)]
  4346 | D:4      | Slain by a quasit

Levels and vault maps discovered:
D:1:      psy_arrival_spokes, layout_basic, nemelex_diamond_rough_becter
D:2:      layout_rooms, yredelemnul_altar_generic, minitemple,
          lemuel_flame_loot_1
D:3:      layout_loops_cross, old_standard_altar
D:4:      layout_loops_cross, gammafunk_ghost_stat_death,
          kennysheep_generic_room_3
D:5:      layout_cave_pools, dancing_weapons_uskayaw, grunt_dithmenos_shadows,
          ebering_ghost_disaster_area, first_ration, minmay_misc_feat_hallway,
          minmay_joined_circles, uniq_menkaure, uniq_eustachio

Skill      XL: |  1  2  3  4  5  6 |
---------------+-------------------+-----
Dodging        | 1 2 |  2.2
Axes           | 2 |  2.7
Armour         | 2 |  2.9
Polearms       | 1 |  1.7
Invocations    | 3 |  3.2
Fighting       | |  3.9

Action                   |  1- 3 |  4- 6 || total
-------------------------+-------+-------++-------
Melee: Hand axe          |   119 |    32 ||   151
       Kick              |    15 |    13 ||    28
       Glaive            |       |   124 ||   124
Throw: Boomerang         |       |     1 ||     1
Invok: Depart the Abyss  |     1 |       ||     1
  Use: Potion            |     1 |     6 ||     7
       Scroll            |       |     8 ||     8
  Eat: Chunk             |     2 |     6 ||     8
Armor: Plate armour      |   153 |   426 ||   579
       Skin              |       |   124 ||   124
Dodge: Dodged            |    11 |    42 ||    53

Table legend:
 A = Non-vault XP
 B = Vault XP
 C = Vault XP percentage of total XP
 D = Non-vault monster count
 E = Vault monster count
 F = Vault count percentage of total count
                 A         B        C        D         E       F
            +---------+---------+-------+---------+---------+-------
      Total |     559 |       3 |   0.5 |      65 |       1 |   1.5
            +---------+---------+-------+---------+---------+-------
        D:1 |      47 |       0 |   0.0 |      26 |       0 |   0.0
        D:2 |     101 |       0 |   0.0 |      18 |       0 |   0.0
        D:3 |     122 |       0 |   0.0 |      11 |       0 |   0.0
        D:4 |     253 |       3 |   1.2 |       8 |       1 |  11.1
        D:5 |      36 |       0 |   0.0 |       2 |       0 |   0.0
            +---------+---------+-------+---------+---------+-------
